 Dungeon Crawl Stone Soup version 0.20.1-1-g8b1a95d (webtiles) character file.

405 Knicklaso the Gusty (level 6, 0/32 HPs)
             Began as a Tengu Air Elementalist on July 20, 2017.
             Slain by a sky beast (2 damage)
             ... on level 4 of the Dungeon.
             The game lasted 00:12:43 (3421 turns).

Knicklaso the Gusty (Tengu Air Elementalist)        Turns: 3421, Time: 00:12:43

Health: 0/32       AC:  2    Str: 10    XL:     6   Next: 87%
Magic:  12/12      EV: 12    Int: 16    God:
Gold:   242        SH:  0    Dex: 14    Spells: 9/12 levels left

rFire    . . .     SeeInvis +   t - staff of air
rCold    . . .     Gourm    .   (no shield)
rNeg     . . .     Faith    .   a - +0 robe
rPois    .         Spirit   .   (helmet restricted)
rElec    +         Reflect  .   (no cloak)
rCorr    .         Harm     .   (no gloves)
MR       .....                  (boots unavailable)
Stlth    ++........             (no amulet)
Regen    0.1/turn               j - ring of see invisible
MPRegen  0.2/turn               (no ring)

@: no status effects
A: beak, talons 3, able to fly 1
a: Fly


You were on level 4 of the Dungeon.
You were hungry.

You visited 1 branch of the dungeon, and saw 4 of its levels.

You collected 242 gold pieces.

Inventory:

Hand Weapons
 q - a +2 dagger of flaming
Armour
 a - a +0 robe (worn)
 u - a +2 chain mail of fire resistance
Magical Staves
 t - an uncursed staff of air (weapon)
Jewellery
 j - a ring of see invisible (left hand)
Scrolls
 e - 8 scrolls of identify {unknown}
 i - 3 scrolls of teleportation {unknown}
 m - a scroll of amnesia {unknown}
 n - a scroll of enchant armour {unknown}
 p - a scroll of noise {unknown}
 r - 2 scrolls of remove curse {unknown}
 w - a scroll of random uselessness {unknown}
Potions
 d - 3 potions of mutation {unknown}
 f - a potion of haste {unknown}
 l - a potion of cancellation {unknown}
 o - 3 potions of flight {unknown}
 s - 2 potions of might {unknown}
 v - 2 potions of curing {unknown}
Books
 b - a book of Air

   Spells                             Type                      Level
   a - Shock                          Conjuration/Air              1
   b - Swiftness                      Charms/Air                   2
   c - Static Discharge               Conjuration/Air              3
   d - Airstrike                      Air                          4
   e - Lightning Bolt                 Conjuration/Air              5
 x - a book of Misfortune

   Spells                             Type                      Level
   a - Confusing Touch                Hexes                        1
   b - Confuse                        Hexes                        3
   c - Gell's Gravitas                Translocation                3
   d - Petrify                        Transmutation/Earth          4
   e - Metabolic Englaciation         Hexes/Ice                    5
   f - Yara's Violent Unravelling     Hexes/Transmutation          5
Comestibles
 c - 3 bread rations
 g - a meat ration
 h - 4 fruits
 k - 4 chunks of flesh


   Skills:
 + Level 2.0 Staves
 - Level 2.1 Dodging
 - Level 2.0 Stealth
 + Level 3.6 Spellcasting
 + Level 4.3 Conjurations
 + Level 6.1 Air Magic
 + Level 2.2 Evocations


You had 9 spell levels left.
You knew the following spells:

 Your Spells              Type           Power        Failure   Level  Hunger
a - Shock                 Conj/Air       ####         1%          1    None
b - Swiftness             Chrm/Air       ###.....     8%          2    ##.....


Dungeon Overview and Level Annotations

Branches:
Dungeon (4/15)
 Temple: D:4-7

Altars:
Cheibriados
Xom


Innate Abilities, Weirdness & Mutations

You have a beak for a mouth.
You have claws for feet.
You can fly.


Message History

The sky beast is moderately wounded.
The sky beast barely misses you. The sky beast closely misses you.
You hit the sky beast. You peck the sky beast.
The sky beast is heavily wounded.
The sky beast closely misses you.
You closely miss the sky beast. Your kick misses the sky beast.
The sky beast is heavily wounded.
The sky beast hits you.
* * * LOW HITPOINT WARNING * * *
The sky beast shocks you. You resist.
* * * LOW HITPOINT WARNING * * *
You closely miss the sky beast. You claw the sky beast. You peck the sky beast.
The sky beast is severely wounded.
The sky beast barely misses you.
You barely miss the sky beast.
The sky beast is severely wounded.
The sky beast hits you.
* * * LOW HITPOINT WARNING * * *
The sky beast shocks you. You resist.
You die...

#..................
#.........#######..
#.........## #..
###.#......# #..
#.#...†..# ###
#.#......###
##.).).......
#....#.#.......
#@...#.#.......
#.Y..#.#.......
#......#.......
.................)...
######...........
#...........
#...........
#.#.#.......
#.#.#......


You could see a sky beast.

Vanquished Creatures
  A bullfrog (D:4)
  A howler monkey (D:4)
  2 orc priests
  An orc wizard (D:4)
  A worker ant (D:4)
  9 adders
  2 oozes
  2 worms
  A dart slug (D:1)
  24 orcs
  A ball python (D:2)
  2 giant cockroaches
  7 goblins
  6 hobgoblins
  4 jackals (D:3)
  A quokka (D:3)
  5 bats
  3 frilled lizards (D:2)
  3 kobolds
  A quokka skeleton (D:4)
  7 rats
84 creatures vanquished.

Notes
Turn   | Place    | Note
-------+----------+-------------------------------------------
     0 | D:1      | Knicklaso the Tengu Air Elementalist began the quest for the Orb.
     0 | D:1      | Reached XP level 1. HP: 10/10 MP: 4/4
   414 | D:1      | Reached XP level 2. HP: 15/15 MP: 1/6
  1010 | D:2      | Reached XP level 3. HP: 19/19 MP: 3/7
  1346 | D:2      | Found a snail-covered altar of Cheibriados.
  1358 | D:2      | Found a shimmering altar of Xom.
  1362 | D:2      | Reached XP level 4. HP: 22/24 MP: 5/9
  1363 | D:2      | Reached skill level 5 in Air Magic
  2328 | D:3      | Learned a level 2 spell: Swiftness
  2334 | D:3      | Gained mutation: You can fly. [Tengu growth]
  2334 | D:3      | Reached XP level 5. HP: 25/28 MP: 8/10
  2572 | D:3      | Reached skill level 1 in Evocations
  3077 | D:4      | Reached skill level 1 in Staves
  3077 | D:4      | Reached XP level 6. HP: 25/32 MP: 7/11
  3307 | D:4      | Reached skill level 6 in Air Magic
  3323 | D:4      | Noticed a sky beast
  3421 | D:4      | Slain by a sky beast

Skill      XL: |  1  2  3  4  5  6 |
---------------+-------------------+-----
Conjurations   | 2 3 4 |  4.3
Air Magic      | 5 6 |  6.1
Spellcasting   | 3 |  3.6
Evocations     | 1 2 |  2.2
Staves         | 1 2 |  2.0
Dodging        | |  2.1
Stealth        | |  2.0

Action                   |  1- 3 |  4- 6 || total
-------------------------+-------+-------++-------
Melee: Dagger            |    13 |    14 ||    27
       Kick              |     5 |     8 ||    13
       Peck              |     2 |     7 ||     9
       Staff             |       |    33 ||    33
 Cast: Shock             |    48 |   118 ||   166
  Eat: Chunk             |     2 |     6 ||     8
Armor: Robe              |     1 |     4 ||     5
Dodge: Dodged            |    10 |    27 ||    37
